 Dungeon Sprint DCSS version 0.29.1-2-gbd0b4ee654 (webtiles) character file.

Game seed: 15317476702428374897

891 boopmooplesden the Cleaver (level 7, -17/78 HPs)
             Began as a Minotaur Berserker on Nov 23, 2022.
             Was an Elder of Trog.
             Demolished by a shadow (29 damage)
             ... in the Dungeon (Sprint III: "The Ten Rune Challenge").
             The game lasted 00:01:21 (1180 turns).

boopmooplesden the Cleaver (Minotaur Berserker)     Turns: 1180, Time: 00:01:22

Health: -17/78     AC:  5    Str: 23    XL:     7   Next: 78%
Magic:  6/6        EV: 14    Int:  4    God:    Trog [****..]
Gold:   33         SH:  0    Dex: 10    Spells: 6/6 levels left

rFire   . . .      SeeInvis .   o - +1 long sword (holy)
rCold   . . .      Faith    .   (no shield)
rNeg    . . .      Spirit   .   b - +0 animal skin
rPois   .          Reflect  .   (helmet restricted)
rElec   .          Harm     .   (no cloak)
rCorr   .          Rampage  .   l - +2 pair of gloves
Will    .....      NoTele   +   (no boots)
Stlth   +.........              (no amulet)
HPRegen 0.23/turn               (no ring)
MPRegen 0.10/turn               (no ring)

@: on berserk cooldown
A: horns 2, retaliatory headbutt
a: Renounce Religion, Berserk, Trog's Hand, Brothers in Arms


You were in the Dungeon.
You worshipped Trog.
Trog was greatly pleased with you.
You visited 1 branch You collected 33 gold pieces.

Inventory:

Hand Weapons
 a - a +0 hand axe
 o - a +1 long sword of holy wrath (weapon)
Armour
 b - a +0 animal skin (worn)
 l - a +2 pair of gloves (worn)
Wands
 i - a wand of acid (9)
Scrolls
 h - a scroll of blinking
 m - 3 scrolls of identify
Potions
 c - a potion of curing
 d - 2 potions of heal wounds
 e - a potion of haste
 f - 2 potions of magic
 g - 4 potions of berserk rage
 j - a potion of resistance {unknown}
 k - 3 potions of mutation {unknown}
 n - 3 potions of flight


   Skills:
 + Level 12.4 Fighting
 + Level 14.1 Axes
 + Level 5.9 Armour
 + Level 7.1 Dodging


You had 6 spell levels left.
You didn't know any spells.
Your spell library was empty.

Dungeon Overview and Level Annotations

Branches:
Dungeon (1/1)

Altars:
Dithmenos
Elyvilon
Kikubaaqudgha
Okawaru
Ru
Sif Muna
Trog
Uskayaw
Vehumet
Wu Jian
Yredelemnul
Zin
The Shining One


Innate Abilities, Weirdness & Mutations

You have a pair of horns on your head.
You reflexively headbutt those who attack you in melee.


Message History

A shadow comes into view.
There is an open door here.
You closely miss the shadow.
The shadow slips into darkness.
The shadow flickers and vanishes!
Deactivating autopickup; reactivate with Ctrl-A.
The shadow strikes at you from the darkness!
Reactivating autopickup.
You barely miss the shadow. Your headbutt misses the shadow.
The shadow slips into darkness.
The shadow flickers and vanishes!
Deactivating autopickup; reactivate with Ctrl-A.
The shadow strikes at you from the darkness!
Reactivating autopickup.
You closely miss the shadow. Your headbutt misses the shadow.
You feel yourself speed up.
The shadow slips into darkness.
The shadow flickers and vanishes!
Deactivating autopickup; reactivate with Ctrl-A.
The shadow strikes at you from the darkness!
* * * LOW HITPOINT WARNING * * *
Reactivating autopickup.
You're still recovering from your berserk rage.
You hit the shadow but do no damage. You headbutt the shadow!
The shadow is moderately damaged.
The jelly quivers.
The shadow hits you!
* * * LOW HITPOINT WARNING * * *
The shadow hits you.
You barely miss the shadow.
The shadow is moderately damaged.
The shadow barely misses you.
You hit the shadow.
The shadow convulses.
The shadow is moderately damaged.
The shadow slips into darkness.
The shadow flickers and vanishes!
Deactivating autopickup; reactivate with Ctrl-A.
The jelly misses you.
The shadow strikes at you from the darkness!
You die...

▓ ▓▓▓ ♣
♣.############ ♣
♣♣.#___#___#__# ♣♣
..#...#__)#)_#
.♣♣♣♣.###'#'###'##
♣...♣.#..........#
~...♣.'.⌠........#
~~~.♣.#...######@#
~~....#.⌠.# #.{J#
~.....#...# #...#
......#'### #...#
......#)).# #...+
......#___# +...#
▓▓▓▓▓▓▓▓▓▓▓ ▓▓▓▓▓


You could see a jelly.

Vanquished Creatures
  A deep elf pyromancer (D)
  A necrophage (D)
  A water elemental (D)
  A necromancer (D)
  A wizard (D)
  3 humans (D)
  A kobold demonologist (D)
  A phantom (D)
  2 endoplasms (D)
  2 rats (D)
14 creatures vanquished.

Notes
Turn   | Place    | Note
-------+----------+-------------------------------------------
     0 | D        | boopmooplesden the Minotaur Berserker began the quest for
                  | the Orb.
     0 | D        | Reached XP level 1. HP: 19/19 MP: 0/0
     5 | D        | Reached skill level 4 in Axes
    15 | D        | Reached ** piety under Trog
    47 | D        | Reached skill level 5 in Fighting
    47 | D        | Reached skill level 5 in Axes
    47 | D        | Reached XP level 2. HP: 24/29 MP: 1/1
   535 | D        | Noticed a water elemental
   539 | D        | Killed a water elemental
   539 | D        | Reached *** piety under Trog
   540 | D        | Reached skill level 7 in Axes
   540 | D        | Reached XP level 3. HP: 39/39 MP: 2/2
   540 | D        | Reached XP level 4. HP: 47/47 MP: 3/3
   576 | D        | Found a basalt altar of Yredelemnul.
   576 | D        | Found a shadowy altar of Dithmenos.
   576 | D        | Found a sacrificial altar of Ru.
   576 | D        | Noticed a necrophage
   580 | D        | Killed a necrophage
   581 | D        | Reached skill level 8 in Axes
   581 | D        | Reached XP level 5. HP: 30/53 MP: 4/4
   584 | D        | Reached skill level 9 in Axes
   884 | D        | Found a hide-covered altar of Uskayaw.
   884 | D        | Found an iron altar of Okawaru.
   885 | D        | Found a bloodstained altar of Trog.
   885 | D        | Found an ornate altar of the Wu Jian Council.
   885 | D        | Noticed a human
   885 | D        | Noticed a human
   891 | D        | Killed a human
   892 | D        | Reached skill level 11 in Axes
   892 | D        | Reached skill level 5 in Dodging
   892 | D        | Reached XP level 6. HP: 66/66 MP: 5/5
   892 | D        | Killed a human
   892 | D        | Reached **** piety under Trog
   893 | D        | Reached skill level 10 in Fighting
   893 | D        | Reached skill level 12 in Axes
   893 | D        | Reached skill level 5 in Armour
  1005 | D        | Found a radiant altar of Vehumet.
  1006 | D        | Found a shimmering blue altar of Sif Muna.
  1006 | D        | Found an ancient bone altar of Kikubaaqudgha.
  1008 | D        | Noticed a soul eater
  1150 | D        | Found a glowing silver altar of Zin.
  1151 | D        | Found a glowing golden altar of the Shining One.
  1151 | D        | Found a white marble altar of Elyvilon.
  1151 | D        | Noticed a deep elf pyromancer
  1158 | D        | Killed a deep elf pyromancer
  1159 | D        | Reached skill level 14 in Axes
  1159 | D        | Reached XP level 7. HP: 78/78 MP: 6/6
  1174 | D        | Noticed a shadow
  1180 | D        | Demolished by a shadow

Illustrated notes

Levels and vault maps discovered:
D:        dungeon_sprint_mu [sprint_mu_entry_forest, sprint_mu_temple_rooms,
          sprint_mu_d1_spiders, sprint_mu_d2_genie, sprint_mu_d3_branching,
          sprint_mu_orc_legion, sprint_mu_elf_gauntlet, sprint_mu_hive_nellie,
          sprint_mu_lair_fedhas, sprint_mu_vaults_butterflies,
          sprint_mu_slime_circle, sprint_mu_swamp_cave, sprint_mu_shoals_kraken,
          sprint_mu_blade_basic, sprint_mu_crypt_chambers,
          sprint_mu_tomb_spiral, sprint_mu_vestibule_basic,
          sprint_mu_gehenna_hellfire, sprint_mu_dis_giant,
          sprint_mu_tartarus_statrot, sprint_mu_cocytus_islands, sprint_mu_zot1]

Skill      XL: |  1  2  3  4  5  6 |
---------------+-------------------+-----
Fighting       | 5 7 8 9 12 | 12.4
Axes           | 5 7 8 11 14 | 14.1
Armour         | 3 4 5 |  5.9
Dodging        | 3 4 5 7 |  7.1

Action                   |  1- 3 |  4- 6 |  7- 9 || total
-------------------------+-------+-------+-------++-------
Melee: Hand axe          |    22 |    24 |       ||    46
       Headbutt          |     2 |     6 |     1 ||     9
       Punch             |     1 |     1 |       ||     2
       Long sword        |       |       |     6 ||     6
Invok: Berserk           |     2 |     4 |       ||     6
  Use: Scroll            |     3 |       |       ||     3
Armor: Animal skin       |       |     4 |     1 ||     5
Dodge: Dodged            |     8 |     7 |     2 ||    17
